 Dungeon Crawl Stone Soup version 0.29.1-2-gbd0b4ee654 (webtiles) character file.

Game seed: 12117531620175921037

597 KittyFluff the Cudgeller (level 7, -6/66 HPs)
             Began as a Gargoyle Berserker on Oct 27, 2022.
             Was a Believer of Trog.
             Splashed by a jelly's acid (8 damage)
             ... on level 4 of the Dungeon.
             The game lasted 00:23:46 (6120 turns).

KittyFluff the Cudgeller (Gargoyle Berserker)       Turns: 6120, Time: 00:23:47

Health: -6/66      AC:  0    Str: 21    XL:     7   Next: 40%
Magic:  7/7        EV: 12    Int:  7    God:    Trog [**....]
Gold:   148        SH:  0    Dex: 11    Spells: 6/6 levels left

rFire   . . .      SeeInvis .   a - +0 mace
rCold   . . .      Faith    .   (no shield)
rNeg    + . .      Spirit   .   z - +0 robe
rPois   ∞          Reflect  .   (no helmet)
rElec   +          Harm     .   y - scarf {shadows}
rCorr   .          Rampage  .   (no gloves)
Will    .....                   x - +0 pair of boots
Stlth   ..........              (no amulet)
HPRegen 0.21/turn               (no ring)
MPRegen 0.10/turn               (no ring)

@: berserking, corroded, very quick
A: sickness immunity, AC +4, negative energy resistance 1, electricity
resistance, torment resistance 1, petrification resistance
a: Renounce Religion, Berserk, Trog's Hand


You were on level 4 of the Dungeon.
You worshipped Trog.
Trog was pleased with you.
You visited 1 branch of the dungeon, and saw 4 of its levels.

You collected 148 gold pieces.

Inventory:

Hand Weapons
 a - a +0 mace (weapon)
 t - a +0 sling
Missiles
 p - 17 poisoned darts (quivered)
 v - 6 silver javelins
Armour
 k - a +2 scale mail of cold resistance
 u - a +0 leather armour
 x - a +0 pair of boots (worn)
 y - a scarf of shadows (worn)
 z - a +0 robe (worn)
Magical Staves
 n - a staff of earth
Jewellery
 c - an amulet of magic regeneration
Wands
 i - a wand of quicksilver (8)
 B - a wand of flame (19)
Scrolls
 b - a scroll of summoning {unknown}
 e - 2 scrolls of teleportation {unknown}
 h - a scroll of fear {unknown}
 l - 2 scrolls of noise {unknown}
 m - 6 scrolls of identify {unknown}
 r - 2 scrolls of poison {unknown}
 w - a scroll of amnesia {unknown}
 A - a scroll of blinking {unknown}
Potions
 d - 2 potions of curing {unknown}
 f - a potion of brilliance {unknown}
 g - a potion of ambrosia {unknown}
 j - a potion of heal wounds {unknown}
 o - a potion of magic {unknown}
 q - 4 potions of lignification {unknown}
 s - a potion of might {unknown}


   Skills:
 + Level 4.8 Fighting
 + Level 5.5 Maces & Flails
 + Level 0.2 Throwing
 * Level 3.9 Armour
 + Level 3.1 Dodging
 + Level 2.6 Stealth


You had 6 spell levels left.
You didn't know any spells.
Your spell library was empty.

Dungeon Overview and Level Annotations

Branches:
Dungeon (4/15)
 Temple: D:4-7

Altars:
Trog

Shops:
D:1 **::


Innate Abilities, Weirdness & Mutations

You are immune to sickness and miasma.
Your stone body is resilient. (AC +4)
You are immune to poison.
You resist negative energy. (rN+)
You are resistant to electric shocks. (rElec)
You are resistant to unholy torment.
You are immune to petrification.


Message History

Trog accepts your kill.
Things that are here:
a +1 dagger of electrocution; a kobold corpse A jelly comes into view.
The jelly moves out of view.
You strike the helpless jelly from behind!
You thump the jelly!
Your hands burn!
Your punch misses the jelly.
The jelly is lightly wounded.
The jelly jiggles.
The jelly hits you but does no damage. x2
You hit the jelly.
Your hands burn!
The jelly is moderately wounded.
The jelly barely misses you.
You hit the jelly.
Your hands burn!
The jelly is moderately wounded.
The jelly closely misses you.
You sock the jelly!
Your hands burn!
The jelly is heavily wounded.
The jelly barely misses you.
You hit the jelly but do no damage.
Your hands burn!
The jelly is heavily wounded.
The jelly hits you but does no damage.
You hit the jelly. The acid corrodes you!
Your hands burn!
The jelly is heavily wounded.
The jelly hits you but does no damage.
You sock the jelly!
Your hands burn!
The jelly is severely wounded.
The jelly hits you but does no damage.
You sock the jelly! The acid corrodes you!
Your hands burn!
* * * LOW HITPOINT WARNING * * *
The jelly is almost dead.
The jelly hits you.
* * * LOW HITPOINT WARNING * * *
You are splashed with acid.
* * * LOW HITPOINT WARNING * * *
A red film seems to cover your vision as you go berserk!
You feel yourself moving faster!
You feel mighty! The jelly hits you.
* * * LOW HITPOINT WARNING * * *
You are splashed with acid!
You die...

#.##.####### ###
#.#........####.#####
#.#..#####.##.......#
#.#..##...........#.########
#.#..##.##.##..............#
#.)..##. #.##.#.###.## #.#
###.###. #......# # #.# #.#
#.#####.#J###.# #.# #.#
#.......@.....# #.# #)#
########...#########.#### #.###
##.................. ##.#.##
##........####.###...
##.....####........#8..#...8#..
#..................#....#...#..
###......#.##........#...#....#..
#.......##.###.......##.#.#.#....
#.......##.# ##...<..'.#.#[#.##..


You could see a jelly.

Vanquished Creatures
  2 black bears
  A scorpion (D:4)
  A crimson imp (D:4)
  The ghost of erofeev the Magician, a weakling DEHW (D:3)
  2 orc priests (D:3)
  A hound (D:4)
  Terence (D:2)
  An iguana (D:4)
  An orc wizard (D:3)
  2 adders (D:4)
  A white imp (D:4)
  6 worms
  A dart slug (D:2)
  8 orcs (D:3)
  7 ball pythons
  3 bats
  5 endoplasms
  4 giant cockroaches
  8 hobgoblins
  3 jackals (D:4)
  A quokka (D:4)
  3 frilled lizards
  7 goblins
  9 kobolds
  4 rats (D:2)
83 creatures vanquished.

Notes
Turn   | Place    | Note
-------+----------+-------------------------------------------
     0 | D:1      | KittyFluff the Gargoyle Berserker began the quest for the
                  | Orb.
     0 | D:1      | Reached XP level 1. HP: 14/14 MP: 1/1
    62 | D:1      | Found Mapo's Book Shop.
   735 | D:1      | Reached XP level 2. HP: 14/19 MP: 2/2
   780 | D:1      | Found Moujeull's Assorted Antiques.
   804 | D:1      | Found Kowawim's General Store.
   832 | D:1      | You fall into a shaft and drop 1 floor!
  1206 | D:1      | Found a faded altar of an unknown god.
  1461 | D:1      | Found Pemen's Book Boutique.
  1572 | D:2      | Noticed Terence
  1581 | D:2      | Killed Terence
  1582 | D:2      | Reached XP level 3. HP: 24/24 MP: 3/3
  2047 | D:2      | Reached XP level 4. HP: 29/29 MP: 4/4
  2178 | D:2      | Reached ** piety under Trog
  3577 | D:3      | Found a runed translucent gate.
  3577 | D:3      | Found a runed translucent gate.
  3578 | D:3      | Found a runed translucent gate.
  3599 | D:3      | Noticed erofeev's ghost (weakling DEHW)
  3599 | D:3      | Identified the +2 short sword of the Bruised Teeth
                  | {antimagic, Fly rElec rC++ Int-3}
  3963 | D:3      | Reached skill level 4 in Maces & Flails
  3979 | D:3      | Killed erofeev's ghost
  3980 | D:3      | Reached skill level 1 in Stealth
  3980 | D:3      | Reached XP level 5. HP: 17/33 MP: 5/5
  4263 | D:4      | Noticed a black bear
  4301 | D:4      | Noticed a black bear
  4666 | D:3      | Killed a black bear
  4667 | D:3      | Reached XP level 6. HP: 32/39 MP: 6/6
  4806 | D:4      | Killed a black bear
  4807 | D:4      | Reached skill level 5 in Maces & Flails
  4927 | D:4      | Found a bloodstained altar of Trog.
  5001 | D:4      | Reached XP level 7. HP: 44/44 MP: 7/7
  6119 | D:4      | HP: 2/44 [acid (6)]
  6120 | D:4      | Splashed by a jelly's acid

Illustrated notes

Levels and vault maps discovered:
D:1:      minmay_arrival_open_corners, layout_basic, serial_shops,
          nicolae_shop_waterfront, shop_statue, shop, shop,
          shapermc_ecumenical_altar_mp_ritualfount, patterned_corridor
D:2:      minmay_wonky_spiral, layout_basic, grunt_decor_junction,
          grunt_decor_arrowhead, uniq_terence
D:3:      layout_basic, biasface_ghost_orc_armoury, nicolae_underground_beach
D:4:      layout_loops_corners, trog_ov_bears_minmay, minivault_1,
          minmay_fire_ice_demons

Skill      XL: |  1  2  3  4  5  6 |
---------------+-------------------+-----
Dodging        | 2 3 |  3.1
Fighting       | 4 |  4.8
Maces & Flails | 4 5 |  5.5
Stealth        | 1 2 |  2.6
Armour         | 3 |  3.9
Throwing       | |  0.2

Action                   |  1- 3 |  4- 6 |  7- 9 || total
-------------------------+-------+-------+-------++-------
Melee: Mace              |    95 |   150 |   101 ||   346
       Punch             |     1 |     1 |     5 ||     7
Throw: Stone             |       |     7 |       ||     7
Invok: Berserk           |     1 |     3 |     1 ||     5
 Stab: Sleeping          |       |     1 |     3 ||     4
       Distracted        |       |       |     1 ||     1
Armor: Animal skin       |    40 |    48 |       ||    88
       Robe              |       |    16 |    38 ||    54
Dodge: Dodged            |    48 |   109 |    47 ||   204
